 Dungeon Crawl Stone Soup version 0.30-a0-989-g0d87f670db (webtiles) character file.

Game seed: 9377116718291024769

803 DeathPants the Grave Robber (level 7, 0/36 HPs)
             Began as a Vine Stalker Necromancer on Apr 2, 2023.
             Slain by Pikel
             ... wielding a +2 whip of freezing
              (4 damage)
             ... on level 6 of the Dungeon.
             The game lasted 00:16:02 (4098 turns).

DeathPants the Grave Robber (VSNe)                  Turns: 4098, Time: 00:16:02

Health: 0/36       AC: 10    Str: 11    XL:     7   Next: 91%
Magic:  0/14       EV: 14    Int: 15    God:
Gold:   284        SH:  0    Dex: 16    Spells: 14/14 levels left

rFire   . . .      SeeInvis .    h - +0 scimitar
rCold   . . .      Faith    .    (no shield)
rNeg    . . .      Spirit   +    t - +0 scale mail {rPois}
rPois   +          Reflect  .    (no helmet)
rElec   .          Rampage  .    f - +0 cloak
rCorr   .                        l - +2 pair of gloves
Will    .....                    (no boots)
Stlth   ++                       (no amulet)
HPRegen 1.06/turn                r - ring of wizardry
MPRegen 0.14/turn                v - +5 ring of evasion

@: no status effects
A: fangs 2, regeneration 1, magic shield, antimagic bite, no potion heal 2
a: no special abilities


You were on level 6 of the Dungeon.
You visited 1 branch of the dungeon, and saw 6 of its levels.

You collected 284 gold pieces.

Inventory:

Hand Weapons
 a - a +0 vampiric dagger
 b - a +0 short sword
 h - a +0 scimitar (weapon)
Missiles
 m - 2 boomerangs
Armour
 c - a +2 robe
 f - a +0 cloak (worn)
 l - a +2 pair of gloves (worn)
 t - a +0 scale mail of poison resistance (worn)
Jewellery
 r - a ring of wizardry (left hand)
 v - a +5 ring of evasion (right hand)
Scrolls
 g - a scroll of teleportation
 i - 3 scrolls of enchant armour
 s - a scroll of amnesia
Potions
 d - 2 potions of flight
 e - 2 potions of brilliance
 j - a potion of magic
 k - 3 potions of curing
 n - a potion of cancellation {unknown}
 o - a potion of lignification
 p - 3 potions of heal wounds {unknown}


   Skills:
 + Level 3.3 Fighting
 - Level 0.3 Short Blades
 * Level 0.1(0.2) Long Blades
 - Level 3.5 Dodging
 - Level 4.9 Stealth
 + Level 4.3 Spellcasting
 + Level 5.5 Necromancy


You had 14 spell levels left.
You didn't know any spells.
Your spell library contained the following spells:

 Spells                   Type           Power      Damage    Failure   Level
 Necrotise                Necr           76%        1d7       4%          1
 Vampiric Draining        Necr           19%        2d7       14%         3
 Cigotuvi's Dreadful Rot  Necr/Pois/Air  16%        N/A       30%         2
 Beastly Appendage        Tmut           6%         N/A       38%         1
 Animate Dead             Necr           19%        N/A       41%         4
 Dispel Undead            Necr           19%        3d11      41%         4
 Lesser Beckoning         Tloc           6%         N/A       52%         2
 Wereblood                Tmut           3%         N/A       52%         2
 Gell's Gravitas          Tloc           3%         N/A       75%         3
 Spider Form              Tmut/Pois      3%         N/A       75%         3
 Teleport Other           Tloc           3%         N/A       75%         3
 Agony                    Necr           19%        N/A       75%         5
 Death Channel            Necr           9%         N/A       99%         6
 Summon Forest            Summ/Tloc      1%         N/A       100%        5
 Summon Mana Viper        Hex/Summ       3%         N/A       100%        5
 Summon Cactus Giant      Summ           1%         N/A       100%        6


Dungeon Overview and Level Annotations

Branches:
Dungeon (6/15)             Temple (0/1) D:5

Altars:
Fedhas

Annotations:
D:5 Eustachio
D:6 Pikel


Innate Abilities, Weirdness & Mutations

You have extremely sharp teeth.
Your natural rate of healing is unusually fast.
When hurt, damage is shared between your health and your magic reserves.
Your bite disrupts and absorbs the magic of your enemies.
Potions cannot restore your health.


Message History

The adder closely misses you. The adder bites you but does no damage.
The lemure attacks as you move away! The lemure hits you.
The adder bites you but does no damage.
You slash the adder!
You kill the adder!
The lemure hits you.
You hit the lemure but do no damage. Your bite misses the lemure.
The lemure barely misses you.
You hit the lemure. You bite the lemure, but do no damage.
The lemure is lightly wounded.
The lemure hits you but does no damage. The lemure closely misses you.
You slash the lemure! Your bite misses the lemure.
The lemure is heavily wounded.
The lemure hits you but does no damage.
You slash the lemure! You bite the lemure.
You kill the lemure!
That felt strangely unrewarding.
You see here an adder corpse.
Things that are here:
a +0 falchion; a +0 leather armour; an orc corpse
There is a stone staircase leading up, spattered with blood here.
You climb upwards.
Level annotation: Eustachio, Pikel The orc priest begins to cast a cantrip, but forgets the words!
Pikel hits you with a +2 whip of freezing!
Pikel freezes you.
There is a stone staircase leading down here.
The lemure hits you but does no damage.
Pikel hits you with a +2 whip of freezing!
Pikel freezes you.
You climb downwards.
There is a stone staircase leading up, spattered with blood here.
You hit Pikel but do no damage.
Pikel hits you with a +2 whip of freezing!
Pikel freezes you. The lemure hits you but does no damage. The lemure hits you.
Pikel hits you with a +2 whip of freezing!
* * * LOW HITPOINT WARNING * * *
Pikel freezes you.
You die...

###.
#######.... #..
....... #5#
..... #@# ...
####K##.####
#..........#
#.##.......# #
###..##.# #.
#..# .#
#.####..##.###
#.........>..#
##...##.......#


You could see Pikel and a lemure.

Vanquished Creatures
  Duvessa (D:5)
  A black bear (D:5)
  2 ogres
  A phantom (D:4)
  A lemure (D:6)
  Dowan (D:5)
  A hound (D:4)
  2 orc priests (D:5)
  2 sleepcaps (D:4)
  An iguana (D:4)
  6 adders
  An ufetubus (D:3)
  2 worms (D:2)
  2 dart slugs
  16 orcs
  2 endoplasms
  5 giant cockroaches
  7 goblins
  13 hobgoblins
  A quokka (D:3)
  8 ball pythons
  2 frilled lizards
  7 kobolds
  6 rats
91 creatures vanquished.

Vanquished Creatures (others)
  4 toadstools (D:1)
4 creatures vanquished.

Grand Total: 95 creatures vanquished

Notes
Turn   | Place    | Note
-------+----------+-------------------------------------------
     0 | D:1      | DeathPants the Vine Stalker Necromancer began the quest for
                  | the Orb.
     0 | D:1      | Reached XP level 1. HP: 9/9 MP: 4/4
   247 | D:1      | Reached XP level 2. HP: 14/14 MP: 1/6
   842 | D:2      | Reached skill level 1 in Fighting
   842 | D:2      | Reached XP level 3. HP: 18/18 MP: 7/7
  1286 | D:2      | Found a blossoming altar of Fedhas.
  1516 | D:3      | Gained mutation: Your natural rate of healing is unusually
                  | fast. [Vine Stalker growth]
  1516 | D:3      | Reached XP level 4. HP: 19/22 MP: 7/9
  2285 | D:4      | Reached XP level 5. HP: 26/26 MP: 10/10
  2296 | D:5      | Entered Level 5 of the Dungeon
  2482 | D:4      | Noticed a phantom
  2502 | D:4      | Killed a phantom
  2503 | D:4      | Reached XP level 6. HP: 30/30 MP: 10/12
  3070 | D:4      | Reached skill level 5 in Necromancy
  3416 | D:5      | Noticed Eustachio
  3675 | D:5      | Noticed a black bear
  3692 | D:5      | Reached XP level 7. HP: 35/35 MP: 13/13
  3763 | D:5      | Noticed Duvessa
  3763 | D:5      | Noticed Dowan
  3823 | D:5      | Killed Duvessa
  3871 | D:5      | Killed Dowan
  4033 | D:5      | Noticed Pikel
  4098 | D:6      | Slain by Pikel

Illustrated notes

Levels and vault maps discovered:
D:1:      ldierk_walled_garden_2, layout_basic
D:2:      layout_loops_cross, basic_altar, kennysheep_generic_room_4
D:3:      layout_basic, mainiacjoe_overflow_alcove_1,
          hellmonk_ecumenical_altar_heavens_door,
          minmay_randomly_rotated_circles
D:4:      wander_river, layout_loops_corners, serial_park_tiny_2
D:5:      layout_basic, minmay_temple_entry_offerings, uniq_blork_the_orc,
          uniq_edmund, uniq_eustachio, uniq_pikel, uniq_duvessa
D:6:      layout_loops_ring, dk_vineyard_1

Skill      XL: |  1  2  3  4  5  6  7 |
---------------+----------------------+-----
Fighting       | 1 2 3 |  3.3
Dodging        | 2 3 |  3.5
Spellcasting   | 3 4 |  4.3
Stealth        | 3 4 |  4.9
Necromancy     | 5 |  5.5
Short Blades   | |  0.3
Long Blades    | |  0.1

Action                     |  1- 3 |  4- 6 |  7- 9 || total
---------------------------+-------+-------+-------++-------
  Melee: Whip              |    11 |       |       ||    11
         Short sword       |   114 |    98 |   106 ||   318
         Bite              |    32 |    94 |    45 ||   171
         Punch             |     1 |     2 |     1 ||     4
         Dagger            |       |   147 |    60 ||   207
         Scimitar          |       |       |     9 ||     9
   Cast: Necrotise         |     8 |     1 |       ||     9
    Use: Scroll            |       |    13 |     1 ||    14
         Potion            |       |     1 |     2 ||     3
 Armour: Scale mail        |    35 |    80 |    47 ||   162
         Robe              |     4 |       |       ||     4
         Skin              |       |       |    58 ||    58
  Dodge: Dodged            |    57 |   149 |    94 ||   300

Table legend: (Time is in decaauts)
 A = Elapsed time spent in this place.
 B = Non-inter-level travel time spent in this place.
 C = Inter-level travel time spent in this place.
 D = Time resting spent in this place.
 E = Time spent auto-exploring this place.
 F = Levels seen in this place.
 G = Mean time per level.
                   A        B        C        D        E       F      G
               +--------+--------+--------+--------+--------+-----+--------+
         Total |   4113 |   4004 |    109 |    263 |   2447 |   6 |  685.5 |
       Dungeon |   4113 |   4004 |    109 |    263 |   2447 |   6 |  685.5 |
               +--------+--------+--------+--------+--------+-----+--------+

Top non-repeatable levels by time:
     D:4: 1304 daAuts
     D:1: 791 daAuts
     D:2: 781 daAuts
     D:5: 644 daAuts
     D:3: 542 daAuts
     D:6: 48 daAuts
